 Dungeon Crawl Stone Soup version 0.31-a0-167-g1c394c0614 (webtiles) character file.

Game seed: 9008384197540242413

683 qw the Shooter (level 7, -1/66 HPs)
             Began as a Naga Hunter on June 14, 2023.
             Slain by a river rat (3 damage)
             ... summoned by Eustachio
             ... on level 5 of the Dungeon.
             The game lasted 00:01:23 (2569 turns).

qw the Shooter (Naga Hunter)                        Turns: 2569, Time: 00:01:23

Health: -1/66      AC:  6    Str: 13    XL:     7   Next: 61%
Magic:  7/7        EV: 10    Int: 10    God:
Gold:   64         SH:  5    Dex: 16    Spells: 6/6 levels left

rFire   . . .        Y - +0 shortbow
rCold   . . .        (shield currently unavailable)
rNeg    . . .        e - +1 robe {Will+}
rPois   +            (no helmet)
rElec   .            d - +0 cloak
rCorr   .            h - +0 pair of gloves
SInv    +            (no barding)
Will    +....        a - amulet of reflection
Stlth   ++           (no ring)
HPRegen 0.31/turn    (no ring)
MPRegen 0.10/turn

%: reflection
@: short of breath, very slow
A: AC +2, large, see invisible, deformed body, poison resistance, slowness 2,
spit poison 1, naga tail 1
a: Spit Poison


You were on level 5 of the Dungeon.
You visited 1 branch of the dungeon, and saw 5 of its levels.

You collected 167 gold pieces.
You spent 103 gold pieces at shops.


Innate Abilities, Weirdness & Mutations

Your serpentine skin is tough. (AC +2)
You have supernaturally acute eyesight. (SInv)
Armour fits poorly on your strangely shaped body.
Your system is resistant to poisons. (rPois)
You cover ground very slowly.
You can spit poison.
You have a snake-like lower body.


   Skills:
 - Level 4.8 Fighting
 + Level 6.9 Ranged Weapons
 - Level 2.2 Dodging
 - Level 1.5 Stealth


You had 6 spell levels left.
You didn't know any spells.
Your spell library was empty.

Inventory:

Hand Weapons
 Y - a +0 shortbow (weapon)
Armour
 d - a +0 cloak (worn)
 e - a +1 robe of willpower (worn)
 h - a +0 pair of gloves (worn)
Jewellery
 a - an amulet of reflection (around neck)
Scrolls
 c - a scroll of identify
Potions
 b - a potion of cancellation
 f - a potion of mutation {unknown}

Dungeon Overview and Level Annotations

Branches:
Dungeon (4/15)
 Temple: D:4-7

Altars:
Vehumet

Shops:
D:3 [

Annotations:
D:5 Eustachio


Message History

You have got your breath back.
The iron imp disappears in a puff of smoke!
The bat hits you but does no damage. The bat barely misses you.
You block the crimson imp's attack. The crimson imp hits you.
The orc hits you with a +0 hand axe.
2565 ||| INVOKING Spit Poison.
Aiming: Spit Poison (1% risk of failure)
Press: ? - help, Shift-Dir - straight line, f - bat The splash of poison misses the bat.
The bat misses you.
The crimson imp blinks!
The crimson imp hits you but does no damage.
The orc hits you with a +0 hand axe.
You shoot an arrow.
The arrow barely misses the crimson imp.
The crimson imp blinks!
The crimson imp hits you but does no damage.
The quokka bites you but does no damage.
The river rat bites you. The orc hits you but does no damage.
You shoot an arrow. The arrow hits the crimson imp.
The crimson imp is lightly wounded.
You have got your breath back.
The bat misses you. You block the quokka's attack.
The crimson imp closely misses you. The orc barely misses you.
The river rat bites you but does no damage.
2568 ||| INVOKING Spit Poison.
Aiming: Spit Poison (1% risk of failure)
Press: ? - help, Shift-Dir - straight line, f - river rat, p - crimson imp The splash of poison hits the river rat.
The river rat is poisoned.
The river rat is heavily wounded.
The crimson imp disappears in a puff of smoke!
The quokka bites you but does no damage.
The crimson imp blinks!
The bat barely misses you. The orc hits you but does no damage.
The river rat bites you.
You shoot an arrow. The arrow closely misses the river rat.
The arrow hits the quokka.
The quokka is heavily wounded.
You block the bat's attack. You block the quokka's attack.
The river rat bites you.
You die...

...#
########## .
...##.b.[....#
#.
...#.######.#
... #...)#
#.#.....##
...?.#@r#
_.#..or# .
.#r@# #..b¤[#
....#....
#.#....#.# .
..... .#
....... .#
####### ##


You could see Eustachio, a river rat (summoned, poisoned), an orc, 2 quokkas and
a bat (summoned).

Vanquished Creatures
  Sigmund (D:2)
  A sky beast (D:4)
  An ogre (D:3)
  A phantom (D:5)
  A howler monkey (D:5)
  A hound (D:4)
  An orc wizard (D:3)
  7 adders
  3 worms
  A dart slug (D:4)
  15 orcs
  10 ball pythons
  7 endoplasms
  A giant cockroach (D:3)
  5 goblins
  5 hobgoblins
  2 jackals (D:1)
  12 kobolds
  5 quokkas
  5 bats
  2 frilled lizards (D:3)
  11 rats
98 creatures vanquished.

Notes
Turn   | Place    | Note
-------+----------+-------------------------------------------
     0 | D:1      | qw the Naga Hunter began the quest for the Orb.
     0 | D:1      | Reached XP level 1. HP: 19/19 MP: 1/1
     0 | D:1      | 0 ||| qw: Version: 0.2-a-29-g1fa15c8
     0 | D:1      | 0 ||| qw: Game counter: 4964
     0 | D:1      | 0 ||| qw: Always use a shield: true
     0 | D:1      | 0 ||| qw: God list: Okawaru
     0 | D:1      | 0 ||| qw: Allow faded altars: false
     0 | D:1      | 0 ||| qw: Do Orc after D:15 true
     0 | D:1      | 0 ||| qw: Do second Lair branch before Depths: true
     0 | D:1      | 0 ||| qw: Lair rune preference: random
     0 | D:1      | 0 ||| qw: Plans: Normal
     0 | D:1      | 0 ||| PLANNING D:1-11
    10 | D:1      | 10 ||| INVOKING Spit Poison.
    11 | D:1      | 11 ||| INVOKING Spit Poison.
    33 | D:1      | 33 ||| INVOKING Spit Poison.
    85 | D:1      | 85 ||| INVOKING Spit Poison.
   131 | D:1      | 131 ||| INVOKING Spit Poison.
   132 | D:1      | Reached skill level 4 in Ranged Weapons
   132 | D:1      | Reached XP level 2. HP: 26/26 MP: 2/2
   135 | D:1      | 135 ||| INVOKING Spit Poison.
   224 | D:1      | 224 ||| INVOKING Spit Poison.
   228 | D:1      | 228 ||| INVOKING Spit Poison.
   234 | D:1      | 234 ||| INVOKING Spit Poison.
   238 | D:1      | 238 ||| INVOKING Spit Poison.
   241 | D:1      | 241 ||| INVOKING Spit Poison.
   248 | D:1      | 248 ||| INVOKING Spit Poison.
   266 | D:1      | 266 ||| INVOKING Spit Poison.
   267 | D:1      | Reached XP level 3. HP: 32/32 MP: 3/3
   276 | D:1      | 276 ||| INVOKING Spit Poison.
   401 | D:1      | 401 ||| UPGRADING to +0 pair of gloves.
   406 | D:1      | 406 ||| DROPPING +6 ring of intelligence.
   407 | D:1      | 407 ||| READING scroll labelled APSEARU DALARA.
   408 | D:1      | 408 ||| READING scroll labelled XYXEARIPEURR.
   409 | D:1      | 409 ||| READING scroll labelled RERGHUTZUNOH.
   414 | D:1      | 414 ||| DRINKING 2 amethyst potions.
   415 | D:1      | 415 ||| DRINKING 2 cyan potions.
   416 | D:1      | 416 ||| DROPPING scroll of butterflies.
   417 | D:1      | 417 ||| DROPPING potion of degeneration.
   436 | D:2      | 436 ||| INVOKING Spit Poison.
   442 | D:2      | 442 ||| INVOKING Spit Poison.
   449 | D:2      | 449 ||| FLEEEEING.
   450 | D:2      | 450 ||| STAIRDANCE
   475 | D:2      | 475 ||| INVOKING Spit Poison.
   480 | D:2      | 480 ||| INVOKING Spit Poison.
   515 | D:2      | 515 ||| INVOKING Spit Poison.
   516 | D:2      | 516 ||| INVOKING Spit Poison.
   612 | D:2      | 612 ||| INVOKING Spit Poison.
   615 | D:2      | Reached skill level 5 in Ranged Weapons
   615 | D:2      | Reached XP level 4. HP: 39/39 MP: 4/4
   619 | D:2      | 619 ||| INVOKING Spit Poison.
   624 | D:2      | 624 ||| INVOKING Spit Poison.
   721 | D:2      | 721 ||| INVOKING Spit Poison.
   732 | D:2      | 732 ||| INVOKING Spit Poison.
   737 | D:2      | 737 ||| INVOKING Spit Poison.
   815 | D:2      | 815 ||| INVOKING Spit Poison.
   818 | D:2      | 818 ||| INVOKING Spit Poison.
   877 | D:2      | 877 ||| INVOKING Spit Poison.
   989 | D:2      | Noticed Sigmund
   990 | D:2      | 990 ||| INVOKING Spit Poison.
   996 | D:2      | 996 ||| INVOKING Spit Poison.
   998 | D:2      | Killed Sigmund
   999 | D:2      | Reached XP level 5. HP: 46/51 MP: 5/5
   999 | D:2      | Reached XP level 6. HP: 55/60 MP: 6/6
  1049 | D:2      | 1049 ||| INVOKING Spit Poison.
  1063 | D:2      | 1063 ||| INVOKING Spit Poison.
  1068 | D:2      | 1068 ||| INVOKING Spit Poison.
  1306 | D:2      | 1306 ||| UPGRADING to +1 robe of willpower.
  1316 | D:2      | 1316 ||| DROPPING +0 leather armour.
  1317 | D:2      | 1317 ||| UPGRADING to amulet of reflection.
  1322 | D:2      | 1322 ||| DRINKING 2 murky white potions.
  1323 | D:2      | 1323 ||| DRINKING 2 bubbling dark potions.
  1324 | D:2      | 1324 ||| DRINKING 2 fizzy purple potions.
  1325 | D:2      | 1325 ||| DRINKING potion of curing.
  1325 | D:2      | 1325 ||| (to cure confusion)
  1326 | D:2      | 1326 ||| DROPPING potion of enlightenment.
  1327 | D:2      | 1327 ||| DROPPING potion of ambrosia.
  1342 | D:3      | 1342 ||| INVOKING Spit Poison.
  1346 | D:3      | 1346 ||| INVOKING Spit Poison.
  1350 | D:3      | 1350 ||| INVOKING Spit Poison.
  1353 | D:3      | 1353 ||| INVOKING Spit Poison.
  1357 | D:3      | 1357 ||| INVOKING Spit Poison.
  1372 | D:3      | 1372 ||| INVOKING Spit Poison.
  1373 | D:3      | 1373 ||| INVOKING Spit Poison.
  1377 | D:3      | 1377 ||| INVOKING Spit Poison.
  1418 | D:3      | 1418 ||| INVOKING Spit Poison.
  1489 | D:3      | 1489 ||| INVOKING Spit Poison.
  1538 | D:3      | 1538 ||| INVOKING Spit Poison.
  1553 | D:3      | 1553 ||| INVOKING Spit Poison.
  1554 | D:3      | 1554 ||| INVOKING Spit Poison.
  1717 | D:3      | 1717 ||| INVOKING Spit Poison.
  1726 | D:3      | 1726 ||| INVOKING Spit Poison.
  1727 | D:3      | 1727 ||| Stepping ~*~*~tactically~*~*~ (outnumbered).
  1729 | D:3      | 1729 ||| INVOKING Spit Poison.
  1761 | D:3      | 1761 ||| INVOKING Spit Poison.
  1776 | D:3      | 1776 ||| INVOKING Spit Poison.
  1799 | D:3      | 1799 ||| INVOKING Spit Poison.
  1803 | D:3      | 1803 ||| INVOKING Spit Poison.
  1807 | D:3      | 1807 ||| INVOKING Spit Poison.
  1811 | D:3      | 1811 ||| INVOKING Spit Poison.
  1815 | D:3      | 1815 ||| INVOKING Spit Poison.
  1817 | D:3      | Reached skill level 6 in Ranged Weapons
  1818 | D:3      | 1818 ||| INVOKING Spit Poison.
  1824 | D:3      | 1824 ||| INVOKING Spit Poison.
  1890 | D:3      | 1890 ||| INVOKING Spit Poison.
  1896 | D:3      | 1896 ||| INVOKING Spit Poison.
  2000 | D:3      | Found Paxeow's Antique Armour Shop.
  2007 | D:3      | 2007 ||| BUYING cloak (103 gold).
  2007 | D:3      | Bought a cloak for 103 gold pieces
  2014 | D:3      | 2014 ||| INVOKING Spit Poison.
  2070 | D:3      | 2070 ||| UPGRADING to +0 cloak.
  2075 | D:3      | 2075 ||| READING 2 scrolls of identify.
  2075 | D:3      | 2075 ||| IDENTIFYING grey potion
  2134 | D:4      | 2134 ||| INVOKING Spit Poison.
  2219 | D:4      | 2219 ||| INVOKING Spit Poison.
  2224 | D:4      | 2224 ||| INVOKING Spit Poison.
  2259 | D:4      | 2259 ||| INVOKING Spit Poison.
  2280 | D:4      | 2280 ||| READING scroll labelled JUCIT FALUO.
  2417 | D:4      | 2417 ||| INVOKING Spit Poison.
  2419 | D:4      | Noticed a sky beast
  2424 | D:4      | 2424 ||| INVOKING Spit Poison.
  2425 | D:4      | Reached XP level 7. HP: 62/66 MP: 7/7
  2428 | D:4      | 2428 ||| INVOKING Spit Poison.
  2432 | D:4      | 2432 ||| INVOKING Spit Poison.
  2435 | D:4      | 2435 ||| INVOKING Spit Poison.
  2439 | D:4      | 2439 ||| INVOKING Spit Poison.
  2442 | D:4      | 2442 ||| INVOKING Spit Poison.
  2452 | D:4      | 2452 ||| INVOKING Spit Poison.
  2460 | D:4      | 2460 ||| INVOKING Spit Poison.
  2469 | D:4      | 2469 ||| INVOKING Spit Poison.
  2490 | D:4      | 2490 ||| INVOKING Spit Poison.
  2504 | D:4      | You fall into a shaft and drop 1 floor!
  2504 | D:5      | Entered Level 5 of the Dungeon
  2506 | D:5      | Found a radiant altar of Vehumet.
  2506 | D:5      | Noticed Eustachio
  2509 | D:5      | 2509 ||| INVOKING Spit Poison.
  2513 | D:5      | 2513 ||| INVOKING Spit Poison.
  2519 | D:5      | 2519 ||| INVOKING Spit Poison.
  2524 | D:5      | 2524 ||| INVOKING Spit Poison.
  2529 | D:5      | 2529 ||| INVOKING Spit Poison.
  2536 | D:5      | 2536 ||| INVOKING Spit Poison.
  2539 | D:5      | 2539 ||| Stepping ~*~*~tactically~*~*~ (outnumbered).
  2542 | D:5      | 2542 ||| INVOKING Spit Poison.
  2549 | D:5      | 2549 ||| INVOKING Spit Poison.
  2549 | D:5      | HP: 15/66 [Eustachio/+0 rapier of speed (4)]
  2550 | D:5      | 2550 ||| DRINKING 2 potions of heal wounds.
  2555 | D:5      | 2555 ||| INVOKING Spit Poison.
  2556 | D:5      | HP: 11/66 [iron imp[Eustachio] (7)]
  2557 | D:5      | 2557 ||| DRINKING potion of heal wounds.
  2560 | D:5      | 2560 ||| INVOKING Spit Poison.
  2564 | D:5      | HP: 16/66 [orc/+0 hand axe (4)]
  2565 | D:5      | 2565 ||| INVOKING Spit Poison.
  2566 | D:5      | HP: 7/66 [river rat[Eustachio] (5)]
  2568 | D:5      | 2568 ||| INVOKING Spit Poison.
  2568 | D:5      | HP: 2/66 [river rat[Eustachio] (6)]
  2569 | D:5      | Slain by a river rat

Levels and vault maps discovered:
D:1:      mushboom_english_gardens, layout_rooms
D:2:      layout_basic, chequers_serial_rivers_room_b, minmay_unequal,
          uniq_sigmund
D:3:      layout_basic, serial_shops, nicolae_shop_tiny_waterfront
D:4:      minmay_chambers_of_threes, layout_basic, minmay_circle_x
D:5:      layout_basic, nicolae_vehumet_radiance,
          minmay_temple_entry_antechambers, uniq_duvessa, uniq_eustachio,
          uniq_blork_the_orc

Skill      XL: |  1  2  3  4  5  6 |
---------------+-------------------+-----
Ranged Weapons | 4 5 6 |  6.9
Fighting       | 4 |  4.8
Dodging        | 2 |  2.2
Stealth        | |  1.5

Action                     |  1- 3 |  4- 6 |  7- 9 || total
---------------------------+-------+-------+-------++-------
   Fire: Shortbow          |    66 |   133 |    70 ||   269
Ability: Spit Poison       |    19 |    45 |    21 ||    85
    Use: Scroll            |     3 |     2 |       ||     5
         Potion            |     2 |     4 |     2 ||     8
 Armour: Leather armour    |     4 |     8 |       ||    12
         Robe              |       |    11 |    79 ||    90
  Dodge: Dodged            |    13 |    54 |    86 ||   153
  Block: Other             |       |    14 |    43 ||    57

Table legend:
 A = Non-vault XP
 B = Vault XP
 C = Vault XP percentage of total XP
 D = Non-vault monster count
 E = Vault monster count
 F = Vault count percentage of total count
                 A         B        C        D         E       F
            +---------+---------+-------+---------+---------+-------
      Total |     548 |     428 |  43.9 |      86 |      12 |  12.2
            +---------+---------+-------+---------+---------+-------
        D:1 |      45 |       0 |   0.0 |      29 |       0 |   0.0
        D:2 |      73 |     235 |  76.3 |      19 |       3 |  13.6
        D:3 |     249 |       0 |   0.0 |      27 |       0 |   0.0
        D:4 |      16 |     193 |  92.3 |       7 |       9 |  56.2
        D:5 |     165 |       0 |   0.0 |       4 |       0 |   0.0
            +---------+---------+-------+---------+---------+-------
